%YAML 1.1
%TAG !u! tag:unity3d.com,2011:
--- !u!1 &170927889526424322
GameObject:
  m_ObjectHideFlags: 0
  m_CorrespondingSourceObject: {fileID: 0}
  m_PrefabInstance: {fileID: 0}
  m_PrefabAsset: {fileID: 0}
  serializedVersion: 6
  m_Component:
  - component: {fileID: 3847570697562840497}
  m_Layer: 0
  m_Name: BulletSpecialSpawnPoint
  m_TagString: Untagged
  m_Icon: {fileID: 0}
  m_NavMeshLayer: 0
  m_StaticEditorFlags: 0
  m_IsActive: 1
--- !u!4 &3847570697562840497
Transform:
  m_ObjectHideFlags: 0
  m_CorrespondingSourceObject: {fileID: 0}
  m_PrefabInstance: {fileID: 0}
  m_PrefabAsset: {fileID: 0}
  m_GameObject: {fileID: 170927889526424322}
  m_LocalRotation: {x: 0, y: 0, z: 0, w: 1}
  m_LocalPosition: {x: 3, y: 0, z: 0}
  m_LocalScale: {x: 0.5, y: 0.5, z: 0.5}
  m_Children: []
  m_Father: {fileID: 4856653542278729816}
  m_RootOrder: 1
  m_LocalEulerAnglesHint: {x: 0, y: 0, z: 0}
--- !u!1 &3502165287425493783
GameObject:
  m_ObjectHideFlags: 0
  m_CorrespondingSourceObject: {fileID: 0}
  m_PrefabInstance: {fileID: 0}
  m_PrefabAsset: {fileID: 0}
  serializedVersion: 6
  m_Component:
  - component: {fileID: 7399968352778387531}
  - component: {fileID: 8755014730637908054}
  - component: {fileID: 532722606955805596}
  m_Layer: 0
  m_Name: Cross
  m_TagString: Untagged
  m_Icon: {fileID: 0}
  m_NavMeshLayer: 0
  m_StaticEditorFlags: 0
  m_IsActive: 1
--- !u!4 &7399968352778387531
Transform:
  m_ObjectHideFlags: 0
  m_CorrespondingSourceObject: {fileID: 0}
  m_PrefabInstance: {fileID: 0}
  m_PrefabAsset: {fileID: 0}
  m_GameObject: {fileID: 3502165287425493783}
  m_LocalRotation: {x: -0, y: -0, z: -0, w: 1}
  m_LocalPosition: {x: 20, y: 0.1, z: 0}
  m_LocalScale: {x: 1, y: 0.001, z: 1}
  m_Children: []
  m_Father: {fileID: 4856653542278729816}
  m_RootOrder: 3
  m_LocalEulerAnglesHint: {x: 0, y: 0, z: 0}
--- !u!33 &8755014730637908054
MeshFilter:
  m_ObjectHideFlags: 0
  m_CorrespondingSourceObject: {fileID: 0}
  m_PrefabInstance: {fileID: 0}
  m_PrefabAsset: {fileID: 0}
  m_GameObject: {fileID: 3502165287425493783}
  m_Mesh: {fileID: 10207, guid: 0000000000000000e000000000000000, type: 0}
--- !u!23 &532722606955805596
MeshRenderer:
  m_ObjectHideFlags: 0
  m_CorrespondingSourceObject: {fileID: 0}
  m_PrefabInstance: {fileID: 0}
  m_PrefabAsset: {fileID: 0}
  m_GameObject: {fileID: 3502165287425493783}
  m_Enabled: 1
  m_CastShadows: 1
  m_ReceiveShadows: 1
  m_DynamicOccludee: 1
  m_MotionVectors: 1
  m_LightProbeUsage: 1
  m_ReflectionProbeUsage: 1
  m_RayTracingMode: 2
  m_RenderingLayerMask: 1
  m_RendererPriority: 0
  m_Materials:
  - {fileID: 2100000, guid: ec273cca8cd4ea54ca6d956fec165ba7, type: 2}
  m_StaticBatchInfo:
    firstSubMesh: 0
    subMeshCount: 0
  m_StaticBatchRoot: {fileID: 0}
  m_ProbeAnchor: {fileID: 0}
  m_LightProbeVolumeOverride: {fileID: 0}
  m_ScaleInLightmap: 1
  m_ReceiveGI: 1
  m_PreserveUVs: 0
  m_IgnoreNormalsForChartDetection: 0
  m_ImportantGI: 0
  m_StitchLightmapSeams: 1
  m_SelectedEditorRenderState: 3
  m_MinimumChartSize: 4
  m_AutoUVMaxDistance: 0.5
  m_AutoUVMaxAngle: 89
  m_LightmapParameters: {fileID: 0}
  m_SortingLayerID: 0
  m_SortingLayer: 0
  m_SortingOrder: 0
--- !u!1 &5463259041453833944
GameObject:
  m_ObjectHideFlags: 0
  m_CorrespondingSourceObject: {fileID: 0}
  m_PrefabInstance: {fileID: 0}
  m_PrefabAsset: {fileID: 0}
  serializedVersion: 6
  m_Component:
  - component: {fileID: 4856653542278729816}
  - component: {fileID: 4234840040877136569}
  - component: {fileID: 6621878951782507042}
  - component: {fileID: 3992811455300307300}
  - component: {fileID: -8038498243952167245}
  - component: {fileID: 5241938991954585944}
  - component: {fileID: 1807032440808988455}
  - component: {fileID: 110449893448619113}
  - component: {fileID: -5852272225613004146}
  - component: {fileID: 6835361185612481827}
  - component: {fileID: 8297748756851165335}
  - component: {fileID: 1055981928366711143}
  - component: {fileID: 751047592813563373}
  m_Layer: 0
  m_Name: Player
  m_TagString: Untagged
  m_Icon: {fileID: 0}
  m_NavMeshLayer: 0
  m_StaticEditorFlags: 0
  m_IsActive: 1
--- !u!4 &4856653542278729816
Transform:
  m_ObjectHideFlags: 0
  m_CorrespondingSourceObject: {fileID: 0}
  m_PrefabInstance: {fileID: 0}
  m_PrefabAsset: {fileID: 0}
  m_GameObject: {fileID: 5463259041453833944}
  m_LocalRotation: {x: 0, y: 0, z: 0, w: 1}
  m_LocalPosition: {x: 0, y: 0, z: 0}
  m_LocalScale: {x: 1, y: 1, z: 1}
  m_Children:
  - {fileID: 4979289616809874430}
  - {fileID: 3847570697562840497}
  - {fileID: 4295735575342920721}
  - {fileID: 7399968352778387531}
  m_Father: {fileID: 0}
  m_RootOrder: 0
  m_LocalEulerAnglesHint: {x: 0, y: 0, z: 0}
--- !u!136 &4234840040877136569
CapsuleCollider:
  m_ObjectHideFlags: 0
  m_CorrespondingSourceObject: {fileID: 0}
  m_PrefabInstance: {fileID: 0}
  m_PrefabAsset: {fileID: 0}
  m_GameObject: {fileID: 5463259041453833944}
  m_Material: {fileID: 0}
  m_IsTrigger: 0
  m_Enabled: 1
  m_Radius: 0.5
  m_Height: 2
  m_Direction: 1
  m_Center: {x: 0, y: 1.21, z: 0}
--- !u!114 &6621878951782507042
MonoBehaviour:
  m_ObjectHideFlags: 0
  m_CorrespondingSourceObject: {fileID: 0}
  m_PrefabInstance: {fileID: 0}
  m_PrefabAsset: {fileID: 0}
  m_GameObject: {fileID: 5463259041453833944}
  m_Enabled: 1
  m_EditorHideFlags: 0
  m_Script: {fileID: 11500000, guid: 7619dbb3f19056e4f94c061d7bce1f13, type: 3}
  m_Name: 
  m_EditorClassIdentifier: 
--- !u!114 &3992811455300307300
MonoBehaviour:
  m_ObjectHideFlags: 0
  m_CorrespondingSourceObject: {fileID: 0}
  m_PrefabInstance: {fileID: 0}
  m_PrefabAsset: {fileID: 0}
  m_GameObject: {fileID: 5463259041453833944}
  m_Enabled: 1
  m_EditorHideFlags: 0
  m_Script: {fileID: 11500000, guid: f7494384baf084949a7e498bfed24a82, type: 3}
  m_Name: 
  m_EditorClassIdentifier: 
  maxHealth: 100
  bulletDamage: 10
  playerMesh: {fileID: 4295735575343183777}
--- !u!114 &-8038498243952167245
MonoBehaviour:
  m_ObjectHideFlags: 0
  m_CorrespondingSourceObject: {fileID: 0}
  m_PrefabInstance: {fileID: 0}
  m_PrefabAsset: {fileID: 0}
  m_GameObject: {fileID: 5463259041453833944}
  m_Enabled: 1
  m_EditorHideFlags: 0
  m_Script: {fileID: 11500000, guid: cad5b56bf9c76eb4f8245301b619aebd, type: 3}
  m_Name: 
  m_EditorClassIdentifier: 
  delayDistance: 0.05
  moveSpeed: 15
--- !u!114 &5241938991954585944
MonoBehaviour:
  m_ObjectHideFlags: 0
  m_CorrespondingSourceObject: {fileID: 0}
  m_PrefabInstance: {fileID: 0}
  m_PrefabAsset: {fileID: 0}
  m_GameObject: {fileID: 5463259041453833944}
  m_Enabled: 1
  m_EditorHideFlags: 0
  m_Script: {fileID: 11500000, guid: e5280a79372f20849ba31348a5d033d8, type: 3}
  m_Name: 
  m_EditorClassIdentifier: 
  materialFriendly: {fileID: 2100000, guid: 69d9d765a2d806941a773cb5830d9b08, type: 2}
  materialHostile: {fileID: 2100000, guid: c6519ced7b4397944b5d80cad1b63ba1, type: 2}
  bullet: {fileID: 4303214989208980776, guid: 74afbf2edc23807438ebb1f9500b49b5, type: 3}
  bulletSpawnPoint: {fileID: 6351886180042522656}
  bulletMoveSpeed: 10
  bulletSpawnDelay: 1.5
  bulletCount: 5
  bulletSpecialDeckMaxAmount: 3
  bulletSpecialCooldown: 3
  bulletSpecialAttackDelay: 1
--- !u!114 &1807032440808988455
MonoBehaviour:
  m_ObjectHideFlags: 0
  m_CorrespondingSourceObject: {fileID: 0}
  m_PrefabInstance: {fileID: 0}
  m_PrefabAsset: {fileID: 0}
  m_GameObject: {fileID: 5463259041453833944}
  m_Enabled: 1
  m_EditorHideFlags: 0
  m_Script: {fileID: 11500000, guid: aa584fbee541324448dd18d8409c7a41, type: 3}
  m_Name: 
  m_EditorClassIdentifier: 
  ObservedComponentsFoldoutOpen: 1
  Group: 0
  prefixField: -1
  Synchronization: 3
  OwnershipTransfer: 0
  ObservedComponents:
  - {fileID: 6621878951782507042}
  viewIdField: 0
  InstantiationId: 0
  isRuntimeInstantiated: 0
--- !u!114 &110449893448619113
MonoBehaviour:
  m_ObjectHideFlags: 0
  m_CorrespondingSourceObject: {fileID: 0}
  m_PrefabInstance: {fileID: 0}
  m_PrefabAsset: {fileID: 0}
  m_GameObject: {fileID: 5463259041453833944}
  m_Enabled: 1
  m_EditorHideFlags: 0
  m_Script: {fileID: 11500000, guid: a2b29544581cbff48a74923442363fb0, type: 3}
  m_Name: 
  m_EditorClassIdentifier: 
  RequiredAngle: 0
  RequiredArc: 90
  onFinger:
    m_PersistentCalls:
      m_Calls:
      - m_Target: {fileID: -8038498243952167245}
        m_MethodName: MoveUp
        m_Mode: 1
        m_Arguments:
          m_ObjectArgument: {fileID: 0}
          m_ObjectArgumentAssemblyTypeName: UnityEngine.Object, UnityEngine
          m_IntArgument: 0
          m_FloatArgument: 0
          m_StringArgument: N
          m_BoolArgument: 0
        m_CallState: 2
  Modify: 0
  Coordinate: 0
  Multiplier: 1
  onDelta:
    m_PersistentCalls:
      m_Calls: []
  onDistance:
    m_PersistentCalls:
      m_Calls: []
  ScreenDepth:
    Conversion: 0
    Camera: {fileID: 0}
    Object: {fileID: 0}
    Layers:
      serializedVersion: 2
      m_Bits: 0
    Distance: 0
  onWorldFrom:
    m_PersistentCalls:
      m_Calls: []
  onWorldTo:
    m_PersistentCalls:
      m_Calls: []
  onWorldDelta:
    m_PersistentCalls:
      m_Calls: []
  onWorldFromTo:
    m_PersistentCalls:
      m_Calls: []
  IgnoreStartedOverGui: 0
  IgnoreIsOverGui: 0
  RequiredSelectable: {fileID: 0}
--- !u!114 &-5852272225613004146
MonoBehaviour:
  m_ObjectHideFlags: 0
  m_CorrespondingSourceObject: {fileID: 0}
  m_PrefabInstance: {fileID: 0}
  m_PrefabAsset: {fileID: 0}
  m_GameObject: {fileID: 5463259041453833944}
  m_Enabled: 1
  m_EditorHideFlags: 0
  m_Script: {fileID: 11500000, guid: a2b29544581cbff48a74923442363fb0, type: 3}
  m_Name: 
  m_EditorClassIdentifier: 
  RequiredAngle: 90
  RequiredArc: 90
  onFinger:
    m_PersistentCalls:
      m_Calls:
      - m_Target: {fileID: -8038498243952167245}
        m_MethodName: MoveRight
        m_Mode: 1
        m_Arguments:
          m_ObjectArgument: {fileID: 0}
          m_ObjectArgumentAssemblyTypeName: UnityEngine.Object, UnityEngine
          m_IntArgument: 0
          m_FloatArgument: 0
          m_StringArgument: N
          m_BoolArgument: 0
        m_CallState: 2
  Modify: 0
  Coordinate: 0
  Multiplier: 1
  onDelta:
    m_PersistentCalls:
      m_Calls: []
  onDistance:
    m_PersistentCalls:
      m_Calls: []
  ScreenDepth:
    Conversion: 0
    Camera: {fileID: 0}
    Object: {fileID: 0}
    Layers:
      serializedVersion: 2
      m_Bits: 0
    Distance: 0
  onWorldFrom:
    m_PersistentCalls:
      m_Calls: []
  onWorldTo:
    m_PersistentCalls:
      m_Calls: []
  onWorldDelta:
    m_PersistentCalls:
      m_Calls: []
  onWorldFromTo:
    m_PersistentCalls:
      m_Calls: []
  IgnoreStartedOverGui: 0
  IgnoreIsOverGui: 0
  RequiredSelectable: {fileID: 0}
--- !u!114 &6835361185612481827
MonoBehaviour:
  m_ObjectHideFlags: 0
  m_CorrespondingSourceObject: {fileID: 0}
  m_PrefabInstance: {fileID: 0}
  m_PrefabAsset: {fileID: 0}
  m_GameObject: {fileID: 5463259041453833944}
  m_Enabled: 1
  m_EditorHideFlags: 0
  m_Script: {fileID: 11500000, guid: a2b29544581cbff48a74923442363fb0, type: 3}
  m_Name: 
  m_EditorClassIdentifier: 
  RequiredAngle: 180
  RequiredArc: 90
  onFinger:
    m_PersistentCalls:
      m_Calls:
      - m_Target: {fileID: -8038498243952167245}
        m_MethodName: MoveDown
        m_Mode: 1
        m_Arguments:
          m_ObjectArgument: {fileID: 0}
          m_ObjectArgumentAssemblyTypeName: UnityEngine.Object, UnityEngine
          m_IntArgument: 0
          m_FloatArgument: 0
          m_StringArgument: N
          m_BoolArgument: 0
        m_CallState: 2
  Modify: 0
  Coordinate: 0
  Multiplier: 1
  onDelta:
    m_PersistentCalls:
      m_Calls: []
  onDistance:
    m_PersistentCalls:
      m_Calls: []
  ScreenDepth:
    Conversion: 0
    Camera: {fileID: 0}
    Object: {fileID: 0}
    Layers:
      serializedVersion: 2
      m_Bits: 0
    Distance: 0
  onWorldFrom:
    m_PersistentCalls:
      m_Calls: []
  onWorldTo:
    m_PersistentCalls:
      m_Calls: []
  onWorldDelta:
    m_PersistentCalls:
      m_Calls: []
  onWorldFromTo:
    m_PersistentCalls:
      m_Calls: []
  IgnoreStartedOverGui: 0
  IgnoreIsOverGui: 0
  RequiredSelectable: {fileID: 0}
--- !u!114 &8297748756851165335
MonoBehaviour:
  m_ObjectHideFlags: 0
  m_CorrespondingSourceObject: {fileID: 0}
  m_PrefabInstance: {fileID: 0}
  m_PrefabAsset: {fileID: 0}
  m_GameObject: {fileID: 5463259041453833944}
  m_Enabled: 1
  m_EditorHideFlags: 0
  m_Script: {fileID: 11500000, guid: a2b29544581cbff48a74923442363fb0, type: 3}
  m_Name: 
  m_EditorClassIdentifier: 
  RequiredAngle: 270
  RequiredArc: 90
  onFinger:
    m_PersistentCalls:
      m_Calls:
      - m_Target: {fileID: -8038498243952167245}
        m_MethodName: MoveLeft
        m_Mode: 1
        m_Arguments:
          m_ObjectArgument: {fileID: 0}
          m_ObjectArgumentAssemblyTypeName: UnityEngine.Object, UnityEngine
          m_IntArgument: 0
          m_FloatArgument: 0
          m_StringArgument: N
          m_BoolArgument: 0
        m_CallState: 2
  Modify: 0
  Coordinate: 0
  Multiplier: 1
  onDelta:
    m_PersistentCalls:
      m_Calls: []
  onDistance:
    m_PersistentCalls:
      m_Calls: []
  ScreenDepth:
    Conversion: 0
    Camera: {fileID: 0}
    Object: {fileID: 0}
    Layers:
      serializedVersion: 2
      m_Bits: 0
    Distance: 0
  onWorldFrom:
    m_PersistentCalls:
      m_Calls: []
  onWorldTo:
    m_PersistentCalls:
      m_Calls: []
  onWorldDelta:
    m_PersistentCalls:
      m_Calls: []
  onWorldFromTo:
    m_PersistentCalls:
      m_Calls: []
  IgnoreStartedOverGui: 0
  IgnoreIsOverGui: 0
  RequiredSelectable: {fileID: 0}
--- !u!114 &1055981928366711143
MonoBehaviour:
  m_ObjectHideFlags: 0
  m_CorrespondingSourceObject: {fileID: 0}
  m_PrefabInstance: {fileID: 0}
  m_PrefabAsset: {fileID: 0}
  m_GameObject: {fileID: 5463259041453833944}
  m_Enabled: 1
  m_EditorHideFlags: 0
  m_Script: {fileID: 11500000, guid: f7c1c71d8ad5da9438de3b2e5990763f, type: 3}
  m_Name: 
  m_EditorClassIdentifier: 
  IgnoreStartedOverGui: 1
  IgnoreIsOverGui: 0
  RequiredSelectable: {fileID: 0}
  RequiredTapCount: 0
  RequiredTapInterval: 0
  onFinger:
    m_PersistentCalls:
      m_Calls:
      - m_Target: {fileID: 5241938991954585944}
        m_MethodName: UseBulletSpecial
        m_Mode: 1
        m_Arguments:
          m_ObjectArgument: {fileID: 0}
          m_ObjectArgumentAssemblyTypeName: UnityEngine.Object, UnityEngine
          m_IntArgument: 0
          m_FloatArgument: 0
          m_StringArgument: 
          m_BoolArgument: 0
        m_CallState: 2
  ScreenDepth:
    Conversion: 1
    Camera: {fileID: 0}
    Object: {fileID: 0}
    Layers:
      serializedVersion: 2
      m_Bits: 4294967291
    Distance: 0
  onPosition:
    m_PersistentCalls:
      m_Calls: []
--- !u!114 &751047592813563373
MonoBehaviour:
  m_ObjectHideFlags: 0
  m_CorrespondingSourceObject: {fileID: 0}
  m_PrefabInstance: {fileID: 0}
  m_PrefabAsset: {fileID: 0}
  m_GameObject: {fileID: 5463259041453833944}
  m_Enabled: 1
  m_EditorHideFlags: 0
  m_Script: {fileID: 11500000, guid: 2825054cf22aef242991d28b6b9b5b06, type: 3}
  m_Name: 
  m_EditorClassIdentifier: 
  targetingCross: {fileID: 3502165287425493783}
--- !u!1 &6351886180042522656
GameObject:
  m_ObjectHideFlags: 0
  m_CorrespondingSourceObject: {fileID: 0}
  m_PrefabInstance: {fileID: 0}
  m_PrefabAsset: {fileID: 0}
  serializedVersion: 6
  m_Component:
  - component: {fileID: 4979289616809874430}
  m_Layer: 0
  m_Name: BulletSpawnPoint
  m_TagString: Untagged
  m_Icon: {fileID: 0}
  m_NavMeshLayer: 0
  m_StaticEditorFlags: 0
  m_IsActive: 1
--- !u!4 &4979289616809874430
Transform:
  m_ObjectHideFlags: 0
  m_CorrespondingSourceObject: {fileID: 0}
  m_PrefabInstance: {fileID: 0}
  m_PrefabAsset: {fileID: 0}
  m_GameObject: {fileID: 6351886180042522656}
  m_LocalRotation: {x: 0, y: 0, z: 0, w: 1}
  m_LocalPosition: {x: 1.75, y: 1.5, z: 0}
  m_LocalScale: {x: 0.5, y: 0.5, z: 0.5}
  m_Children: []
  m_Father: {fileID: 4856653542278729816}
  m_RootOrder: 0
  m_LocalEulerAnglesHint: {x: 0, y: 0, z: 0}
--- !u!1001 &4295735575343011107
PrefabInstance:
  m_ObjectHideFlags: 0
  serializedVersion: 2
  m_Modification:
    m_TransformParent: {fileID: 4856653542278729816}
    m_Modifications:
    - target: {fileID: 172674, guid: 01c0cdc720ac39f498491639ffd541c7, type: 3}
      propertyPath: m_Name
      value: Robot Emok - Magenta
      objectReference: {fileID: 0}
    - target: {fileID: 193756, guid: 01c0cdc720ac39f498491639ffd541c7, type: 3}
      propertyPath: m_IsActive
      value: 1
      objectReference: {fileID: 0}
    - target: {fileID: 434482, guid: 01c0cdc720ac39f498491639ffd541c7, type: 3}
      propertyPath: m_LocalPosition.x
      value: 0
      objectReference: {fileID: 0}
    - target: {fileID: 434482, guid: 01c0cdc720ac39f498491639ffd541c7, type: 3}
      propertyPath: m_LocalPosition.y
      value: 0
      objectReference: {fileID: 0}
    - target: {fileID: 434482, guid: 01c0cdc720ac39f498491639ffd541c7, type: 3}
      propertyPath: m_LocalPosition.z
      value: 0
      objectReference: {fileID: 0}
    - target: {fileID: 434482, guid: 01c0cdc720ac39f498491639ffd541c7, type: 3}
      propertyPath: m_LocalRotation.x
      value: 0
      objectReference: {fileID: 0}
    - target: {fileID: 434482, guid: 01c0cdc720ac39f498491639ffd541c7, type: 3}
      propertyPath: m_LocalRotation.y
      value: 0.7071068
      objectReference: {fileID: 0}
    - target: {fileID: 434482, guid: 01c0cdc720ac39f498491639ffd541c7, type: 3}
      propertyPath: m_LocalRotation.z
      value: 0
      objectReference: {fileID: 0}
    - target: {fileID: 434482, guid: 01c0cdc720ac39f498491639ffd541c7, type: 3}
      propertyPath: m_LocalRotation.w
      value: 0.7071068
      objectReference: {fileID: 0}
    - target: {fileID: 434482, guid: 01c0cdc720ac39f498491639ffd541c7, type: 3}
      propertyPath: m_RootOrder
      value: 2
      objectReference: {fileID: 0}
    - target: {fileID: 434482, guid: 01c0cdc720ac39f498491639ffd541c7, type: 3}
      propertyPath: m_LocalEulerAnglesHint.x
      value: 0
      objectReference: {fileID: 0}
    - target: {fileID: 434482, guid: 01c0cdc720ac39f498491639ffd541c7, type: 3}
      propertyPath: m_LocalEulerAnglesHint.y
      value: 90
      objectReference: {fileID: 0}
    - target: {fileID: 434482, guid: 01c0cdc720ac39f498491639ffd541c7, type: 3}
      propertyPath: m_LocalEulerAnglesHint.z
      value: 0
      objectReference: {fileID: 0}
    - target: {fileID: 434482, guid: 01c0cdc720ac39f498491639ffd541c7, type: 3}
      propertyPath: m_LocalScale.x
      value: 1.5
      objectReference: {fileID: 0}
    - target: {fileID: 434482, guid: 01c0cdc720ac39f498491639ffd541c7, type: 3}
      propertyPath: m_LocalScale.y
      value: 1.5
      objectReference: {fileID: 0}
    - target: {fileID: 434482, guid: 01c0cdc720ac39f498491639ffd541c7, type: 3}
      propertyPath: m_LocalScale.z
      value: 1.5
      objectReference: {fileID: 0}
    m_RemovedComponents: []
  m_SourcePrefab: {fileID: 100100000, guid: 01c0cdc720ac39f498491639ffd541c7, type: 3}
--- !u!1 &4295735575343183777 stripped
GameObject:
  m_CorrespondingSourceObject: {fileID: 172674, guid: 01c0cdc720ac39f498491639ffd541c7,
    type: 3}
  m_PrefabInstance: {fileID: 4295735575343011107}
  m_PrefabAsset: {fileID: 0}
--- !u!4 &4295735575342920721 stripped
Transform:
  m_CorrespondingSourceObject: {fileID: 434482, guid: 01c0cdc720ac39f498491639ffd541c7,
    type: 3}
  m_PrefabInstance: {fileID: 4295735575343011107}
  m_PrefabAsset: {fileID: 0}
